 Dungeon Crawl Stone Soup version 0.28.0-43-g3370ac3207 (webtiles) character file.

Game seed: 4627752607360016602

68 Ablot the Grasshopper (level 4, -1/38 HPs)
             Began as a Gnoll Warper on Mar 2, 2022.
             Slain by an orc wizard
             ... wielding a +0 dagger of venom
              (3 damage)
             ... on level 3 of the Dungeon.
             The game lasted 00:02:45 (2202 turns).

Ablot the Grasshopper (Gnoll Warper)                Turns: 2202, Time: 00:02:45

Health: -1/38      AC: 10    Str: 13    XL:     4   Next: 19%
Magic:  20/20      EV: 11    Int: 12    God:
Gold:   113        SH:  0    Dex: 11    Spells: 11/13 levels left

rFire   . . .      SeeInvis .   j - +2 short sword (protect)
rCold   + . .      Faith    .   (no shield)
rNeg    . . .      Spirit   .   b - +4 ring mail
rPois   .          Reflect  .   q - +0 helmet
rElec   .          Harm     .   (no cloak)
rCorr   .          Rampage  .   (no gloves)
Will    .....                   (no boots)
Stlth   ..........              (no amulet)
HPRegen 0.12/turn               f - ring of magical power
MPRegen 0.17/turn               l - ring of protection from cold

@: confused, lethally poisoned (-1 -> -2)
A: fangs 1, strong nose, distributed training
a: no special abilities


You were on level 3 of the Dungeon.
You visited 1 branch of the dungeon, and saw 4 of its levels.

You collected 113 gold pieces.

Inventory:

Hand Weapons
 a - a +0 spear
 j - a +2 short sword of protection (weapon)
Missiles
 d - 5 boomerangs of dispersal (quivered)
 h - 64 stones
 k - 21 arrows
 m - 2 poisoned darts
Armour
 b - a +4 ring mail (worn)
 q - a +0 helmet (worn)
Jewellery
 f - a ring of magical power (left hand)
 l - a ring of protection from cold (right hand)
 o - a ring of poison resistance
Scrolls
 c - a scroll of blinking
 e - 2 scrolls of magic mapping {unknown}
 r - 4 scrolls of teleportation {unknown}
 s - a scroll of enchant armour {unknown}
 t - 2 scrolls of identify {unknown}
 v - a scroll of amnesia {unknown}
Potions
 g - a potion of curing {unknown}
 i - a potion of heal wounds {unknown}
 n - 2 potions of might {unknown}
 p - a potion of flight {unknown}
 u - a potion of cancellation {unknown}


   Skills:
 + Level 4.6 Fighting
 + Level 1.0 Short Blades
 + Level 1.0 Long Blades
 + Level 1.0 Axes
 + Level 1.0 Maces & Flails
 + Level 4.6 Polearms
 + Level 1.0 Staves
 + Level 1.0 Slings
 + Level 1.0 Bows
 + Level 1.0 Crossbows
 + Level 2.7 Throwing
 + Level 2.7 Armour
 + Level 4.6 Dodging
 + Level 1.0 Stealth
 + Level 1.0 Shields
 + Level 1.0 Unarmed Combat
 + Level 5.0 Spellcasting
 + Level 0.8 Conjurations
 + Level 0.8 Hexes
 + Level 0.8 Summonings
 + Level 0.8 Necromancy
 + Level 5.4 Translocations
 + Level 0.8 Transmutations
 + Level 0.8 Fire Magic
 + Level 0.8 Ice Magic
 + Level 0.8 Air Magic
 + Level 0.8 Earth Magic
 + Level 0.8 Poison Magic
 + Level 1.1 Invocations
 + Level 1.0 Evocations


You had 11 spell levels left.
You knew the following spells:

 Your Spells              Type           Power      Damage    Failure   Level
a - Blink                 Tloc           32%        N/A       7%          2

Your spell library contained the following spells:

 Spells                   Type           Power      Damage    Failure   Level
 Gell's Gravitas          Tloc           16%        N/A       13%         3
 Lesser Beckoning         Tloc           16%        N/A       13%         3
 Teleport Other           Tloc           16%        N/A       13%         3
 Manifold Assault         Tloc           16%        N/A       77%         5


Dungeon Overview and Level Annotations

Branches:
Dungeon (4/15)
 Temple: D:4-7

Altars:

Shops:
D:2 [


Innate Abilities, Weirdness & Mutations

You have very sharp teeth.
Your uncanny sense of smell can sniff out nearby items.
Your experience applies equally to all skills.


Message History

You hit the orc wizard but do no damage.
The orc wizard is heavily wounded.
You feel very sick.
The orc wizard gestures at you while chanting.
You are confused.
The orc misses you.
You miss the orc wizard.
The orc wizard is heavily wounded.
You feel very sick. The orc wizard misses you. The orc closely misses you.
You miss the orc wizard.
The orc wizard is heavily wounded.
You feel sick. The orc wizard barely misses you. The orc closely misses you.
You bump into the rock wall.
You feel sick. The orc wizard casts a spell at you. The puff of flame hits you!
* * * LOW HITPOINT WARNING * * *
The orc barely misses you.
* * * LOW HITPOINT WARNING * * *
You feel sick.
You miss the orc.
* * * LOW HITPOINT WARNING * * *
You feel sick.
The orc wizard points at you and mumbles some strange words.
You are more confused.
The orc hits you but does no damage.
You bump into the rock wall.
* * * LOW HITPOINT WARNING * * *
You feel sick. The orc wizard completely misses you.
The orc hits you but does no damage.
You barely miss the orc wizard. Your bite misses the orc wizard.
The orc wizard is heavily wounded.
* * * LOW HITPOINT WARNING * * *
You feel sick. The orc wizard closely misses you. The orc barely misses you.
You barely miss the orc wizard. You bite the orc wizard.
The orc wizard is heavily wounded.
* * * LOW HITPOINT WARNING * * *
You feel sick.
The orc wizard hits you with a +0 dagger of venom.
You die...

∆ #####.#
#$....#
#.#####@#####.#
#.....oo).....#
#######....####
.....# ......#
#####..# ###


You could see an orc wizard and an orc.

Vanquished Creatures
  3 adders
  An orc (D:3)
  2 bats (D:1)
  5 endoplasms
  2 giant cockroaches (D:1)
  7 goblins
  A hobgoblin (D:1)
  A quokka (D:2)
  4 ball pythons
  A frilled lizard (D:1)
  7 kobolds
  3 rats
37 creatures vanquished.

Vanquished Creatures (others)
  6 plants (D:2)
6 creatures vanquished.

Grand Total: 43 creatures vanquished

Notes
Turn   | Place    | Note
-------+----------+-------------------------------------------
     0 | D:1      | Ablot the Gnoll Warper began the quest for the Orb.
     0 | D:1      | Reached XP level 1. HP: 20/20 MP: 6/6
   353 | D:1      | Reached XP level 2. HP: 26/26 MP: 7/7
   356 | D:1      | Learned a level 2 spell: Blink
   555 | D:1      | Found a faded altar of an unknown god.
   930 | D:2      | Reached skill level 5 in Spellcasting
   930 | D:2      | Reached XP level 3. HP: 7/31 MP: 9/9
  1216 | D:2      | Reached skill level 1 in Invocations
  1444 | D:2      | You fall into a shaft and drop 2 floors!
  1467 | D:4      | Reached skill level 1 in Short Blades
  1467 | D:4      | Reached skill level 1 in Long Blades
  1467 | D:4      | Reached skill level 1 in Axes
  1467 | D:4      | Reached skill level 1 in Maces & Flails
  1467 | D:4      | Reached skill level 1 in Staves
  1467 | D:4      | Reached skill level 1 in Slings
  1467 | D:4      | Reached skill level 1 in Bows
  1467 | D:4      | Reached skill level 1 in Crossbows
  1467 | D:4      | Reached skill level 1 in Stealth
  1467 | D:4      | Reached skill level 1 in Shields
  1467 | D:4      | Reached skill level 1 in Unarmed Combat
  1467 | D:4      | Reached skill level 1 in Evocations
  1587 | D:2      | Found Evvas's Antique Armour Emporium.
  1614 | D:2      | Reached XP level 4. HP: 38/38 MP: 11/11
  2202 | D:3      | Slain by an orc wizard

Illustrated notes

Levels and vault maps discovered:
D:1:      psy_arrival_whirlpool, layout_rooms,
          hellmonk_ecumenical_altar_slurped_away, corner_web_ring,
          serial_park_tiny_pond
D:2:      layout_basic, serial_shops, nicolae_shop_statue_plus,
          serial_bayou_lagoon_a
D:3:      layout_basic, serial_shops, shop_statue, uniq_robin
D:4:      layout_basic, nemelex_diamond_rough_becter, grunt_ministairs_10,
          uniq_crazy_yiuf_cottage, uniq_pikel

Skill      XL: |  1  2  3 |
---------------+----------+-----
Spellcasting   | 5 |  5.0
Invocations    | 1 |  1.1
Short Blades   | 1 |  1.0
Long Blades    | 1 |  1.0
Axes           | 1 |  1.0
Maces & Flails | 1 |  1.0
Staves         | 1 |  1.0
Slings         | 1 |  1.0
Bows           | 1 |  1.0
Crossbows      | 1 |  1.0
Stealth        | 1 |  1.0
Shields        | 1 |  1.0
Unarmed Combat | 1 |  1.0
Evocations     | 1 |  1.0
Fighting       | |  4.6
Polearms       | |  4.6
Throwing       | |  2.7
Armour         | |  2.7
Dodging        | |  4.6
Conjurations   | |  0.8
Hexes          | |  0.8
Summonings     | |  0.8
Necromancy     | |  0.8
Translocations | |  5.4
Transmutations | |  0.8
Fire Magic     | |  0.8
Ice Magic      | |  0.8
Air Magic      | |  0.8
Earth Magic    | |  0.8
Poison Magic   | |  0.8

Action                   |  1- 3 |  4- 6 || total
-------------------------+-------+-------++-------
Melee: Spear             |    37 |       ||    37
       Bite              |    14 |     4 ||    18
       Dagger            |    96 |    35 ||   131
       Short sword       |       |    20 ||    20
Armor: Leather armour    |    15 |       ||    15
       Ring mail         |    15 |    15 ||    30
Dodge: Dodged            |    49 |    48 ||    97
